 Dungeon Crawl Stone Soup version 0.16.2-12-gd0ad4c3 (webtiles) character file.

8264 faibistes the Thaumaturge (level 11, -11/64 HPs)
             Began as a Deep Elf Wizard on Feb 6, 2019.
             Was a Believer of Sif Muna.
             Mangled by a hill giant
             ... wielding a +0 giant club
              (31 damage)
             ... on level 13 of the Dungeon.
             The game lasted 00:39:10 (14265 turns).

faibistes the Thaumaturge (Deep Elf Wizard)        Turns: 14265, Time: 00:39:10

Health: -11/64     AC:  6    Str:  4    XL:     11   Next: 7%
Magic:  23/34      EV: 16    Int: 27    God:    Sif Muna [**....]
Gold:   538        SH:  0    Dex: 13    Spells: 6 memorised, 22 levels left

rFire  . . .     SeeInvis .     w - +3 dagger (venom)
rCold  . . .     Clarity  .     a - +0 robe
rNeg   . . .     SustAb   .     (no shield)
rPois  +         Gourm    .     b - +1 hat
rElec  .         Spirit   .     I - +1 cloak
rCorr  .         Warding  .     G - +0 pair of gloves
rMut   .         Stasis   .     (no boots)
MR     +....                    Y - amulet of regeneration
Stlth  ++........               D - ring of wizardry
                                R - ring of poison resistance

@: repel missiles, somewhat resistant to hostile enchantments, unstealthy
A: no striking features
a: Channel Energy, Forget Spell, Renounce Religion


You were on level 13 of the Dungeon.
You worshipped Sif Muna.
Sif Muna was pleased with you.
You were not hungry.

You visited 2 branches of the dungeon, and saw 14 of its levels.
You also visited: Sewer.

You collected 603 gold pieces.
You spent 65 gold pieces at shops.

Inventory:

Hand weapons
 j - the +2 trident "Jellybane" {flame, Str-3 Dex+9}
   (You found it on level 4 of the Dungeon)

   It has been specially enchanted to burn those struck by it, causing extra
   injury to most foes and up to half again as much damage against particularly
   susceptible opponents.
   It affects your strength (-3).
   It affects your dexterity (+9).
 o - a +0 vampiric short sword
 w - a +3 dagger of venom (weapon)
Armour
 a - a +0 robe (worn)
 b - a +1 hat (worn)
 G - a +0 pair of gloves (worn)
 I - a +1 cloak (worn)
Magical staves
 p - an uncursed staff of wizardry
Jewellery
 f - a +4 ring of intelligence
 g - an uncursed amulet of clarity
 k - an uncursed amulet of stasis
 B - an uncursed ring of protection from fire
 C - an uncursed amulet of rage
 D - a ring of wizardry (right hand)
 E - an uncursed ring of stealth
 H - an uncursed ring of fire
 L - an uncursed ring of sustain abilities
 R - a ring of poison resistance (left hand)
 Y - an amulet of regeneration (around neck)
Magical devices
 s - a wand of digging (13)
 y - a wand of lightning (2)
 z - a wand of draining (6)
 K - a wand of draining (9)
 N - a wand of cold (6)
 O - a wand of fire (13)
 Q - a wand of teleportation (3)
 W - a wand of draining (6)
Scrolls
 t - 6 scrolls of teleportation
 M - a scroll of fear
 P - 2 scrolls of remove curse
Potions
 e - a potion of haste
 h - 3 potions of restore abilities
 i - 5 potions of heal wounds
 m - 3 potions of might
 q - a potion of cure mutation
 r - 3 potions of brilliance
 u - 2 potions of magic
 A - a potion of berserk rage {unknown}
 F - a potion of ambrosia {unknown}
 S - 2 potions of agility {unknown}
 T - 2 potions of poison {unknown}
 V - a potion of flight {unknown}
 Z - 5 potions of curing
Books
 c - a book of Minor Magic

   Spells                             Type                      Level
   a - Magic Dart                     Conjuration                  1
   b - Blink                          Translocation                2
   c - Call Imp                       Summoning                    2
   d - Repel Missiles                 Charms/Air                   2
   e - Slow                           Hexes                        2
   f - Conjure Flame                  Conjuration/Fire             3
   g - Mephitic Cloud                 Conjuration/Poison/Air       3
Comestibles
 d - 10 bread rations
 l - 9 slices of pizza
 n - 6 meat rations
 v - 11 fruits
 x - 4 beef jerkies
 J - a chunk of flesh


   Skills:
 + Level 5.8 Fighting
 + Level 8.2 Dodging
 - Level 2.4 Stealth
 * Level 12.6 Spellcasting
 + Level 6.0 Conjurations
 + Level 2.3 Charms
 - Level 1.1 Summonings
 + Level 3.1 Translocations
 * Level 4.4 Fire Magic
 - Level 3.6 Air Magic
 - Level 2.2 Poison Magic
 * Level 2.8 Invocations
 + Level 5.9 Evocations


You had 22 spell levels left.
You knew the following spells:

 Your Spells              Type           Power        Failure   Level  Hunger
a - Magic Dart            Conj           ####         1%          1    None
b - Conjure Flame         Conj/Fire      #####...     1%          3    None
c - Call Imp              Summ           ###.....     1%          2    None
d - Blink                 Tloc           N/A          1%          2    None
e - Mephitic Cloud        Conj/Pois/Air  #####...     1%          3    None
f - Repel Missiles        Chrm/Air       ####..       1%          2    None


Dungeon Overview and Level Annotations

Branches:
Dungeon (13/15)            Temple (1/1) D:7            Lair (0/8) D:10
    Orc: D:9-12      Vaults: D:13-14

Altars:
Ashenzari
Cheibriados
Dithmenos
Elyvilon
Fedhas
Gozag
Kikubaaqudgha
Makhleb
Nemelex Xobeh
Okawaru
Qazlal
Ru
Sif Muna
Trog
Vehumet
Xom
Yredelemnul
Zin
The Shining One

Shops:
D:9 *


Message History

Aiming: Conjure Flame
Press: ? - help, Dir - move target cursor The fire roars!
The hill giant is engulfed in roaring flames.
An ice beast comes into view.
Casting: Conjure Flame
Confirm with . or Enter, or press ? or * to list all spells.
Aiming: Conjure Flame
Press: ? - help, Dir - move target cursor The fire roars!
The hill giant is engulfed in roaring flames.
Casting: Conjure Flame
Confirm with . or Enter, or press ? or * to list all spells.
Aiming: Conjure Flame
Press: ? - help, Dir - move target cursor The fire roars!
The cyclops throws a large rock.
The large rock hits you!!!
Ouch! That really hurt!
The hill giant is engulfed in roaring flames.
The hill giant hits you with a giant club!!
You die...

#..#######
#..§§C@..#
##.#####!§CY..#
####.


You could see a hill giant, a cyclops and an ice beast.

Vanquished Creatures
  Erolcha (D:10)
  A hill giant (D:7)
  Pikel (D:8)
  A gargoyle (D:10)
  A troll (D:9)
  A trapdoor spider (D:10)
  7 yaks
  A hog (D:9)
  A human (D:9)
  A steam dragon (D:8)
  3 hippogriffs
  3 sky beasts
  A soldier ant (D:12)
  3 ice beasts
  Purgy (Sewer)
  A water moccasin (D:9)
  2 orc warriors
  A black bear (D:7)
  4 phantoms
  2 slaves (D:8)
  2 centaurs (D:7)
  A crocodile (D:10)
  6 ogres
  5 giant frogs
  2 big kobolds
  3 killer bees
  3 scorpions
  A goliath beetle (D:7)
  2 jellies (D:6)
  A gnoll shaman (D:7)
  2 crimson imps
  2 hounds (D:5)
  2 giant frog skeletons
  9 orc priests
  5 orc wizards
  A centaur skeleton (D:10)
  5 iguanas
  3 sheep (D:9)
  8 worker ants
  A killer bee zombie (D:7)
  A hound skeleton (D:6)
  5 gnolls (D:7)
  A worker ant zombie (D:8)
  13 adders
  4 shadow imps
  3 giant mites
  2 worms (D:4)
  2 adder zombies
  An adder skeleton (D:3)
  5 giant geckos
  2 oozes
  28 orcs
  A bat skeleton (D:8)
  4 giant cockroaches
  18 goblins
  13 hobgoblins
  30 kobolds
  7 ball pythons
  17 bats
  A giant gecko skeleton (D:4)
  10 giant newts
  A giant spore (D:7)
  14 jackals
  6 quokkas
  14 rats
  3 ballistomycetes
307 creatures vanquished.

Vanquished Creatures (collateral kills)
  A goblin (D:1)
  A kobold (D:1)
2 creatures vanquished.

Vanquished Creatures (others)
  A slave (D:8)
  A crimson imp (D:8)
  A worker ant (D:8)
  A giant spore (D:10)
  A ballistomycete (D:10)
5 creatures vanquished.

Grand Total: 314 creatures vanquished

Notes
Turn   | Place    | Note
--------------------------------------------------------------
     0 | D:1      | faibistes, the Deep Elf Wizard, began the quest for the Orb.
     0 | D:1      | Reached XP level 1. HP: 10/10 MP: 6/6
   342 | D:1      | Reached XP level 2. HP: 15/15 MP: 4/9
   346 | D:1      | Learned a level 2 spell: Blink
   349 | D:1      | Learned a level 2 spell: Call Imp
  1382 | D:3      | Reached XP level 3. HP: 19/19 MP: 10/13
  1389 | D:2      | Learned a level 3 spell: Conjure Flame
  1393 | D:2      | Learned a level 3 spell: Mephitic Cloud
  1684 | D:2      | Found an opulent altar of Gozag.
  1791 | D:2      | Reached skill level 5 in Spellcasting
  2331 | D:3      | Reached XP level 4. HP: 24/24 MP: 14/17
  2335 | D:3      | Learned a level 2 spell: Repel Missiles
  2463 | D:4      | Got a faintly glowing trident
  2464 | D:4      | Identified the cursed +2 trident "Jellybane" {flame, Str-3 Dex+9} (You found it on level 4 of the Dungeon)
  2505 | D:4      | Found a glowing drain.
  2670 | Sewer    | Entered a sewer
  2779 | Sewer    | Noticed Purgy
  2786 | Sewer    | Killed Purgy
  2786 | Sewer    | Reached skill level 6 in Spellcasting
  2786 | Sewer    | Reached XP level 5. HP: 28/28 MP: 8/20
  3003 | D:4      | Found a white marble altar of Elyvilon.
  3066 | D:4      | Reached XP level 6. HP: 32/32 MP: 11/22
  3909 | D:4      | Noticed an ogre
  3916 | D:4      | Killed an ogre
  3916 | D:4      | Reached skill level 1 in Fighting
  3916 | D:4      | Reached skill level 7 in Spellcasting
  4012 | D:4      | Reached skill level 1 in Evocations
  4150 | D:5      | Entered Level 5 of the Dungeon
  4292 | D:5      | Reached XP level 7. HP: 34/38 MP: 18/25
  4853 | D:5      | Reached skill level 5 in Dodging
  5375 | D:5      | Reached skill level 8 in Spellcasting
  5550 | D:5      | Found a burning altar of Makhleb.
  6362 | D:5      | Reached XP level 8. HP: 45/45 MP: 16/27
  7270 | D:7      | Reached skill level 9 in Spellcasting
  8179 | D:7      | Found a glowing golden altar of the Shining One.
  8521 | D:7      | Reached XP level 9. HP: 52/52 MP: 20/30
  8537 | D:7      | Reached skill level 10 in Spellcasting
  8592 | D:7      | Noticed a hill giant
  8603 | D:7      | Killed a hill giant
  8603 | D:7      | Reached skill level 5 in Evocations
  8649 | D:7      | Reached skill level 5 in Fighting
  9636 | D:8      | Reached skill level 11 in Spellcasting
 10034 | D:7      | Found a staircase to the Ecumenical Temple.
 10047 | Temple   | Entered the Ecumenical Temple
 10054 | Temple   | Became a worshipper of Sif Muna the Loreminder
 10621 | D:8      | Reached skill level 1 in Air Magic
 10627 | D:8      | Reached skill level 1 in Fire Magic
 11410 | D:8      | Reached XP level 10. HP: 59/59 MP: 23/32
 11416 | D:8      | Noticed Pikel
 11418 | D:8      | Reached skill level 1 in Poison Magic
 11429 | D:8      | Killed Pikel
 11429 | D:8      | Acquired Sif Muna's first power
 11552 | D:8      | Reached skill level 5 in Conjurations
 12191 | D:10     | Entered Level 10 of the Dungeon
 12254 | D:10     | Noticed Erolcha
 12280 | D:10     | Killed Erolcha
 12441 | D:9      | Acquired Sif Muna's second power
 12441 | D:9      | Reached skill level 12 in Spellcasting
 12572 | D:9      | Reached skill level 1 in Invocations
 12733 | D:9      | Found Chuaxiomn's General Store.
 12741 | D:9      | Bought a scroll of identify for 26 gold pieces
 12809 | D:9      | Bought a scroll of remove curse for 39 gold pieces
 13536 | D:10     | Reached skill level 1 in Charms
 13758 | D:10     | Found a staircase to the Lair.
 13867 | D:10     | Reached XP level 11. HP: 52/64 MP: 28/34
 14244 | D:13     | Noticed a catoblepas
 14244 | D:13     | Noticed a hill giant
 14261 | D:13     | Noticed a hill giant
 14265 | D:13     | Mangled by a hill giant

Action                   |  1- 3 |  4- 6 |  7- 9 | 10-12 || total
-------------------------+-------+-------+-------+-------++-------
Melee: Dagger            |     2 |       |       |    46 ||    48
       Trident           |       |     9 |   115 |    49 ||   173
 Cast: Magic Dart        |    89 |   135 |   444 |   168 ||   836
       Call Imp          |     3 |       |     1 |       ||     4
       Mephitic Cloud    |     1 |     7 |    22 |    15 ||    45
       Conjure Flame     |     1 |     4 |    26 |    39 ||    70
       Repel Missiles    |       |     1 |     1 |     2 ||     4
  Use: Scroll            |     3 |     7 |    10 |     4 ||    24
 Stab: Confused          |       |     1 |     8 |     4 ||    13
       Sleeping          |       |     1 |     1 |       ||     2
  Eat: Chunk             |     4 |     6 |    22 |    10 ||    42
